 Dungeon Crawl Stone Soup version 0.29.1-12-g30fa7ad0bf (webtiles) character file.

Game seed: 9481470754675979729

2590 H0rd4k the Magician (level 9, -5/56 HPs)
             Began as an Octopode Artificer on Dec 16, 2022.
             Was an Initiate of Gozag.
             Slain by Joseph
             ... wielding a +0 quarterstaff
              (7 damage)
             ... on level 7 of the Dungeon on Dec 19, 2022.
             The game lasted 00:10:23 (6724 turns).

H0rd4k the Magician (Octopode Artificer)            Turns: 6724, Time: 00:10:23

Health: -5/56      AC:  9    Str: 12    XL:     9   Next: 58%
Magic:  20/20      EV: 13    Int: 17    God:    Gozag
Gold:   588        SH:  0    Dex: 12    Spells: 17/23 levels left

rFire   . . .      SeeInvis .     - Unarmed
rCold   . . .      Faith    .   (no shield)
rNeg    . . .      Spirit   .   (helmet restricted)
rPois   .          Reflect  .   j - amulet of regeneration
rElec   .          Harm     .   e - +4 ring of protection
rCorr   .          Rampage  .   y - +4 ring of protection
Will    .....                   (no ring)
Stlth   +++.......              (no ring)
HPRegen 0.98/turn               (no ring)
MPRegen 0.17/turn               (no ring)
                                (no ring)
                                (no ring)

@: mighty, gold aura, attractive
A: almost no armour, amphibious, 8 rings, camouflage 1, gelatinous body 1,
(nimble swimmer 1), tentacles
a: Renounce Religion, Potion Petition, Call Merchant, Bribe Branch


You were on level 7 of the Dungeon.
You worshipped Gozag.
Gozag was pleased with you.
You visited 2 branches of the dungeon, and saw 10 of its levels.

You collected 680 gold pieces.
You paid 92 gold pieces to Gozag.

Inventory:

Missiles
 g - 11 poisoned darts
Magical Staves
 b - a staff of conjuration
 k - a staff of earth
Jewellery
 e - a +4 ring of protection (left tentacle)
 j - an amulet of regeneration (around mantle)
 n - a +6 ring of strength
 y - a +4 ring of protection (right tentacle)
Scrolls
 c - a scroll of blinking {unknown}
 h - 4 scrolls of enchant armour
 o - 2 scrolls of noise
 p - 6 scrolls of identify {unknown}
 s - a scroll of immolation {unknown}
 u - 2 scrolls of teleportation {unknown}
 v - 3 scrolls of torment {unknown}
 B - 2 scrolls of silence
 C - a scroll of enchant weapon {unknown}
Potions
 a - a potion of attraction
 f - 2 potions of heal wounds {unknown}
 i - a potion of lignification {unknown}
 l - a potion of haste {unknown}
 m - 2 potions of might
 q - a potion of berserk rage {unknown}
 r - 4 potions of curing {unknown}
 t - a potion of ambrosia {unknown}
 w - 3 potions of mutation {unknown}
 x - 2 potions of brilliance {unknown}
 z - a potion of invisibility {unknown}
 A - a potion of degeneration {unknown}
 D - a potion of cancellation {unknown}


   Skills:
 + Level 3.0 Fighting
 - Level 2.3 Dodging
 - Level 1.3 Stealth
 + Level 6.5 Unarmed Combat
 * Level 7.5 Spellcasting
 + Level 4.6 Air Magic
 - Level 4.5 Poison Magic
 - Level 3.2 Evocations


You had 17 spell levels left.
You knew the following spells:

 Your Spells              Type           Power      Damage    Failure   Level
a - Poisonous Vapours     Pois/Air       44%        N/A       2%          2
b - Olgreb's Toxic Radia  Pois           21%        N/A       17%         4

Your spell library contained the following spells:

 Spells                   Type           Power      Damage    Failure   Level
 Sting                    Tmut/Pois      56%        1d5       4%          1
 Mephitic Cloud           Conj/Pois/Air  16%        N/A       10%         3
 Beastly Appendage        Tmut           12%        N/A       11%         1
 Magic Dart               Conj           24%        1d4       11%         1
 Spider Form              Tmut/Pois      14%        N/A       13%         3
 Call Imp                 Summ           6%         N/A       17%         2
 Wereblood                Tmut           6%         N/A       17%         2
 Dazzling Flash           Conj/Hex       12%        N/A       32%         3
 Summon Guardian Golem    Hex/Summ       6%         N/A       32%         3
 Dispel Undead            Necr           6%         3d8       73%         4
 Silence                  Hex/Air        7%         N/A       75%         5
 Agony                    Necr           6%         N/A       97%         5
 Death Channel            Necr           3%         N/A       100%        6
 Orb of Destruction       Conj           3%         9d5       100%        7
 Spellforged Servitor     Conj/Summ      3%         N/A       100%        7
 Corpse Rot               Necr/Pois/Air  Unusable   N/A       N/A         4

Dungeon Overview and Level Annotations

Branches:
Dungeon (9/15)             Temple (1/1) D:6
   Lair: D:8-11         Orc: D:9-12

Altars:
Ashenzari
Fedhas
Gozag
Hepliaklqana
Makhleb
Nemelex Xobeh
Okawaru
Sif Muna
Uskayaw
Vehumet
Yredelemnul
Zin

Shops:
D:5 (

Annotations:
D:5 Edmund
D:6 exclusions: 2 downstairs and upstairs
D:7 Joseph, Maggie
D:8 exclusions: ice beast, steam dragon and upstairs
D:9 exclusion: upstairs


Innate Abilities, Weirdness & Mutations

You cannot wear most types of armour.
You are amphibious.
You can wear up to eight rings at the same time.
Your skin changes colour to match your surroundings (Stealth+).
Your rubbery body absorbs attacks. (AC +1, EV +1)
((You are camouflaged when in or above water. (Stealth+)))
You have tentacles for arms and can constrict up to eight enemies at once.


Message History

You kill the orc!
You tentacle-slap the orc. Your grab misses the orc.
The orc is lightly wounded.
The orc hits you but does no damage.
You tentacle-slap the orc. Your grab misses the orc.
Your tentacle-slap misses the orc.
The orc is heavily wounded.
The orc barely misses you.
It was a potion of might.
You feel very mighty all of a sudden. The orc barely misses you.
You closely miss the orc. You grab the orc.
Your tentacle-slap misses the orc.
You squeeze the orc.
You kill the orc!
Joseph unwields a +0 quarterstaff.
Joseph wields a +0 sling.
Joseph shoots a sling bullet.
The sling bullet hits you.
Items here: $ ( ))).
You tentacle-slap Joseph. Your grab misses Joseph.
Joseph is lightly wounded.
Joseph unwields a +0 sling.
Joseph wields a +0 quarterstaff.
Joseph hits you with a +0 quarterstaff!
You barely miss Joseph. Your grab misses Joseph. You squeeze Joseph!
Joseph is lightly wounded.
Joseph hits you with a +0 quarterstaff!
You barely miss Joseph. You grab Joseph. You squeeze Joseph.
Joseph is moderately wounded.
You constrict Joseph. Joseph hits you with a +0 quarterstaff!
* * * LOW HITPOINT WARNING * * *
You bludgeon Joseph!
Joseph is moderately wounded.
You constrict Joseph, but do no damage. Joseph barely misses you.
You tentacle-slap Joseph. You squeeze Joseph, but do no damage.
Joseph is heavily wounded.
You constrict Joseph, but do no damage. Joseph hits you with a +0 quarterstaff!
* * * LOW HITPOINT WARNING * * *
It was a potion of attraction.
You feel attractive to monsters.
You constrict Joseph. Joseph hits you with a +0 quarterstaff!
You die...
Your body crumbles into a pile of gold.

...(........# ##..........# ###
###############.### #.. #......#
#.# #.. #......# #.# #..
#......# #.# #.. #......# #.#
#.. #......# #@# #.. #......#
#@# #.. #......##### #$#
#######.. #......#...# #.#####
#........ #......#...####.#...#
#........ #...............#...#
#.....<..
#...............#...####.......#
#.....................##......('
#.....................##.......#
#.....................##(......#


You could see Joseph.

Vanquished Creatures
  Prince Ribbit (D:5)
  A wraith (D:7)
  2 orc warriors (D:6)
  An ice beast (D:7)
  A sky beast (D:8)
  4 ogres
  2 centaurs (D:8)
  A phantom (D:6)
  2 kobold brigands
  A necrophage (D:6)
  2 bullfrogs (D:7)
  3 scorpions
  3 killer bees (D:7)
  A howler monkey (D:6)
  2 orc priests
  A hound (D:4)
  5 iguanas
  A jelly (D:7)
  4 orc wizards
  A gnoll (D:5)
  6 adders
  3 worms
  5 dart slugs
  16 orcs
  4 endoplasms
  3 giant cockroaches
  5 goblins
  7 hobgoblins
  7 jackals
  12 kobolds
  3 quokkas
  6 ball pythons
  4 bats
  3 frilled lizards
  8 rats
131 creatures vanquished.

Vanquished Creatures (collateral kills)
  An ogre (D:5)
  An orc priest (D:4)
  2 orcs (D:4)
  A giant cockroach (D:4)
5 creatures vanquished.

Vanquished Creatures (others)
  An adder (D:5)
  6 fungi (D:5)
7 creatures vanquished.

Grand Total: 143 creatures vanquished

Notes
Turn   | Place    | Note
-------+----------+-------------------------------------------
     0 | D:1      | H0rd4k the Octopode Artificer began the quest for the Orb.
     0 | D:1      | Reached XP level 1. HP: 13/13 MP: 1/1
   117 | D:1      | Reached skill level 1 in Spellcasting
   235 | D:1      | Reached XP level 2. HP: 18/18 MP: 3/3
   418 | D:1      | Found a faded altar of an unknown god.
   735 | D:1      | Reached XP level 3. HP: 24/24 MP: 5/5
   880 | D:2      | Reached skill level 1 in Unarmed Combat
   895 | D:2      | Found a burning altar of Makhleb.
  1426 | D:2      | Reached XP level 4. HP: 29/29 MP: 6/6
  1572 | D:2      | Learned a level 2 spell: Poisonous Vapours
  1577 | D:2      | Learned a level 4 spell: Olgreb's Toxic Radiance
  1779 | D:3      | Reached skill level 2 in Spellcasting
  1795 | D:3      | Found a sparkling altar of Nemelex Xobeh.
  2289 | D:4      | Reached skill level 1 in Poison Magic
  2289 | D:4      | Reached XP level 5. HP: 34/35 MP: 8/8
  2318 | D:4      | Found a shimmering blue altar of Sif Muna.
  2546 | D:4      | Noticed an ogre
  2758 | D:4      | Reached XP level 6. HP: 30/41 MP: 9/9
  3003 | D:4      | Reached skill level 3 in Spellcasting
  3003 | D:4      | Reached XP level 7. HP: 43/45 MP: 11/11
  3178 | D:5      | Entered Level 5 of the Dungeon
  3185 | D:5      | Found Qerchyv's Weapon Emporium.
  3222 | D:5      | Reached skill level 5 in Unarmed Combat
  3308 | D:5      | Noticed Prince Ribbit
  3674 | D:5      | Killed Prince Ribbit
  3675 | D:5      | Reached skill level 4 in Spellcasting
  3675 | D:5      | Reached skill level 1 in Air Magic
  3675 | D:5      | Reached XP level 8. HP: 46/51 MP: 2/14
  3901 | D:5      | Noticed Edmund
  4165 | D:6      | Found a staircase to the Ecumenical Temple.
  4171 | Temple   | Entered the Ecumenical Temple
  4224 | Temple   | Became a worshipper of Gozag Ym Sagoz the Greedy
  4606 | D:6      | Reached skill level 5 in Spellcasting
  5405 | D:7      | Reached skill level 6 in Spellcasting
  5405 | D:7      | Reached XP level 9. HP: 55/55 MP: 10/18
  6001 | D:7      | Noticed Maggie
  6556 | D:8      | Reached skill level 7 in Spellcasting
  6690 | D:7      | Noticed Joseph
  6723 | D:7      | HP: 1/56 [Joseph/+0 quarterstaff (13)]
  6724 | D:7      | Slain by Joseph

Illustrated notes

Levels and vault maps discovered:
D:1:      zaba_arrival_water, layout_rooms,
          hellmonk_ecumenical_altar_prayer_group
D:2:      layout_loops_ring, basic_altar
D:3:      layout_loops_ring, mainiacjoe_overflow_alcove_1,
          nicolae_overflow_hidden_temple
D:4:      layout_gridville, nicolae_overflow_crystal_walls
D:5:      layout_loops_cross, serial_shops, nicolae_diamond_shop,
          dreamdust_gnoll_farm, uniq_edmund, uniq_prince_ribbit1
D:6:      wander_river, layout_basic, minmay_temple_entry_hall
D:7:      layout_basic, uniq_joseph, uniq_maggie
D:8:      layout_rooms, nicolae_ru_the_path_less_chosen, erik_lair_dragon,
          uniq_psyche
D:9:      layout_rooms, tgw_xom, minmay_circle_x
Temple:   nicolae_temple_bog_church

Skill      XL: |  1  2  3  4  5  6  7  8  9 |
---------------+----------------------------+-----
Spellcasting   | 1 2 3 4 6 7 |  7.5
Fighting       | 2 3 |  3.0
Unarmed Combat | 1 2 3 4 5 6 |  6.5
Poison Magic   | 1 2 4 |  4.5
Air Magic      | 1 3 4 |  4.6
Dodging        | |  2.3
Stealth        | |  1.3
Evocations     | |  3.2

Action                   |  1- 3 |  4- 6 |  7- 9 || total
-------------------------+-------+-------+-------++-------
Melee: Unarmed           |   103 |   104 |   116 ||   323
       Constrict         |    31 |    30 |    24 ||    85
       Tentacles         |    19 |    19 |    37 ||    75
       Punch             |       |     2 |     5 ||     7
 Cast: Poisonous Vapours |       |       |   115 ||   115
Evoke: Wand              |       |    23 |    12 ||    35
  Use: Scroll            |       |       |     5 ||     5
       Potion            |       |       |     2 ||     2
 Stab: Sleeping          |     6 |     8 |     2 ||    16
       Distracted        |     1 |     1 |       ||     2
Armor: Skin              |    28 |    28 |    55 ||   111
Dodge: Dodged            |    62 |    78 |    99 ||   239
